 Dungeon Crawl Stone Soup version 0.21-a0-426-g98080a9 (webtiles) character file.

30 zodiak12 the Shield-Bearer (level 3, -1/29 HPs)
             Began as a Demonspawn Fighter on Nov 6, 2017.
             Slain by a worm (9 damage)
             ... on level 2 of the Dungeon.
             The game lasted 00:03:29 (1213 turns).

zodiak12 the Shield-Bearer (Demonspawn Fighter)     Turns: 1213, Time: 00:03:30

Health: -1/29      AC:  7    Str: 17    XL:     3   Next: 3%
Magic:  7/12       EV:  7    Int:  9    God:
Gold:   121        SH:  9    Dex: 12    Spells: 2/2 levels left

rFire    . . .     SeeInvis .   e - -3 dagger (curse)
rCold    . . .     Gourm    .   c - +0 shield
rNeg     . . .     Faith    .   b - +0 scale mail
rPois    .         Spirit   .   j - +0 helmet
rElec    .         Reflect  .   (no cloak)
rCorr    .         Harm     .   (no gloves)
MR       .....                  (no boots)
Stlth    ..........             (no amulet)
HPRegen  0.09/turn              i - ring of magical power (curse)
MPRegen  0.13/turn              (no ring)

@: no status effects
A: talons 2
a: no special abilities


You were on level 2 of the Dungeon.
You were not hungry.

You visited 1 branch of the dungeon, and saw 2 of its levels.

You collected 121 gold pieces.

Inventory:

Hand Weapons
 a - a +1 long sword
 e - a cursed -3 dagger (weapon)
Armour
 b - a +0 scale mail (worn)
 c - a +0 shield (worn)
 j - a +0 helmet (worn)
Jewellery
 i - a cursed ring of magical power (left hand)
Scrolls
 l - a scroll of identify
Potions
 d - a potion of might
 m - a potion of agility
Comestibles
 f - 2 bread rations
 g - 2 royal jellies
 h - 4 fruits


   Skills:
 * Level 3.1 Fighting
 + Level 0.4(1.3) Short Blades
 + Level 1.9(2.0) Long Blades
 * Level 2.9 Armour
 * Level 0.2 Dodging
 * Level 3.3 Shields


You had 2 spell levels left.
You didn't know any spells.

Dungeon Overview and Level Annotations

Branches:
Dungeon (2/15)

Altars:


Innate Abilities, Weirdness & Mutations

You have razor-sharp toenails.


Message History

You have reached level 3!
Your experience leads to an increase in your attributes!
Increase (S)trength, (I)ntelligence, or (D)exterity?
You feel stronger.
Your demonic ancestry asserts itself...
Your toenails lengthen and sharpen.
You feel sick.
You see here a rat corpse.
There are no objects that can be picked up here. a rat corpse A worm comes into view.
You feel sick.
You see here a rat corpse.
You feel sick.
You are no longer poisoned.
You hit the worm.
The worm is lightly wounded.
You hit the worm. You claw the worm, but do no damage.
The worm is moderately wounded.
The worm bites you!
You die...

##..# #...# #.#.#
#.#.# #.#.#
#.#.#### .#
####.#....##...#.
#..<.†...@w......
#....#.#.###+###.
######.#.# #.#.#
..#.+ .##.# #.
#.# #. ..#


You could see a worm.

Vanquished Creatures
  An adder (D:2)
  A dart slug (D:1)
  A goblin (D:1)
  3 hobgoblins (D:1)
  5 kobolds (D:1)
  2 ball pythons (D:1)
  2 bats (D:1)
  A frilled lizard (D:1)
  4 rats
  A fungus (D:1)
21 creatures vanquished.

Notes
Turn   | Place    | Note
-------+----------+-------------------------------------------
     0 | D:1      | zodiak12 the Demonspawn Fighter began the quest for the Orb.
     0 | D:1      | Reached XP level 1. HP: 18/18 MP: 1/1
   311 | D:1      | Gained mutation: You have sharp toenails. [demonic ancestry]
   311 | D:1      | Reached XP level 2. HP: 7/24 MP: 2/2
  1202 | D:2      | Gained mutation: You have razor-sharp toenails. [demonic ancestry]
  1202 | D:2      | Reached XP level 3. HP: 10/29 MP: 3/3
  1213 | D:2      | Slain by a worm

Vault maps used:
D:1:      minmay_arrival_checkered_box, minmay_gold_behind_fungi,
          dk_noncrumbling_3, minivault_14
D:2:      lemuel_doored_altar, serial_park_tiny_1

Skill      XL: |  1 |
---------------+----+-----
Shields        | 3 |  3.3
Fighting       | |  3.1
Short Blades   | |  0.4
Long Blades    | |  1.9
Armour         | |  2.9
Dodging        | |  0.2

Action                   || total
-------------------------++-------
Melee: Dagger            ||   182
       Long sword        ||    18
       Kick              ||    17
  Use: Scroll            ||     5
       Potion            ||     1
  Eat: Chunk             ||     1
Armor: Scale mail        ||    72
Dodge: Dodged            ||    37
Block: Shield            ||    89
       Rpst.: Long sword ||     1

Table legend:
 A = Spawn XP
 B = Non-spawn XP
 C = Spawn XP percentage of total XP
 D = Spawn monster count
 E = Non-spawn monster count
 F = Spawn count percentage of total count
 G = Total turns spent on level
                    A         B        C        D         E        F      G
               +---------+---------+-------+---------+---------+-------+---------
         Total |       0 |      43 |   0.0 |       0 |      20 |   0.0 |  1213
               +---------+---------+-------+---------+---------+-------+---------
           D:1 |       0 |      29 |   0.0 |       0 |      18 |   0.0 |  1168
           D:2 |       0 |      14 |   0.0 |       0 |       2 |   0.0 |    45
               +---------+---------+-------+---------+---------+-------+---------
